 Dungeon Crawl Stone Soup version 0.21.1-1-g345015f (webtiles) character file.

171 homeworkjunkie the Chopper (level 5, 0/47 HPs)
             Began as a Hill Orc Fighter on Mar 13, 2018.
             Slain by an orc priest
             ... wielding a +0 trident
              (1 damage)
             ... on level 3 of the Dungeon.
             The game lasted 00:02:53 (1242 turns).

homeworkjunkie the Chopper (Hill Orc Fighter)       Turns: 1242, Time: 00:02:54

Health: 0/47       AC:  8    Str: 20    XL:     5   Next: 51%
Magic:  5/5        EV:  7    Int:  8    God:
Gold:   59         SH:  9    Dex: 10    Spells: 4/4 levels left

rFire    . . .     SeeInvis .   a - +0 war axe
rCold    . . .     Gourm    .   c - +0 shield
rNeg     . . .     Faith    .   b - +0 scale mail
rPois    .         Spirit   .   (no helmet)
rElec    .         Reflect  .   (no cloak)
rCorr    .         Harm     .   k - +0 pair of gloves
MR       .....                  (no boots)
Stlth    ..........             (no amulet)
HPRegen  0.15/turn              (no ring)
MPRegen  0.09/turn              (no ring)

@: slowed, very slow
A: no striking features
a: Convert to Beogh


You were on level 3 of the Dungeon.
You were not hungry.

You visited 1 branch of the dungeon, and saw 3 of its levels.

You collected 59 gold pieces.

Inventory:

Hand Weapons
 a - a +0 war axe (weapon)
Armour
 b - a +0 scale mail (worn)
 c - a +0 shield (worn)
 k - a +0 pair of gloves (worn)
Wands
 j - a wand of enslavement (9)
Scrolls
 d - 2 scrolls of identify
 h - 2 scrolls of remove curse
Potions
 e - a potion of flight {unknown}
 g - a potion of brilliance
 i - a potion of resistance {unknown}
Comestibles
 f - 2 rations


   Skills:
 * Level 4.5 Fighting
 * Level 4.6 Axes
 * Level 4.2 Armour
 + Level 0.2 Dodging
 * Level 4.3 Shields
 * Level 0.2 Evocations


You had 4 spell levels left.
You didn't know any spells.

Dungeon Overview and Level Annotations

Branches:
Dungeon (3/15)

Altars:
Dithmenos


Message History

The orc priest invokes the aid of Beogh against you.
Beogh smites you!
* * * LOW HITPOINT WARNING * * *
The orc wizard hits you but does no damage.
The orc wizard gestures wildly while chanting.
The orc wizard blinks!
The orc hits you but does no damage.
The orc priest calls down the wrath of Beogh upon you.
Beogh smites you!
* * * LOW HITPOINT WARNING * * *
You see here 2 stones.
The orc wizard points at you and mumbles some strange words.
You feel yourself slow down. The orc hits you but does no damage.
The orc wizard points at you and mumbles some strange words.
The magic dart hits you!
The orc priest shouts, "Join the one true god or die!"
Things that are here:
a stone; a flail; an orc corpse The orc throws a stone.
You block the stone. You block the orc wizard's attack.
The orc priest hits you from afar with a trident.
You die...

#.##.....#.###.#.#
#.....#.# #.#.#
#####.#.# #.#.#
#.#.# #.#.# #.#.#
#.# #.#.# #.#
##.######.#.# #.#
..........#.#####.#
....ยง...oo@((>....#
.#..........#######
.......o....###
.##..###.......
.###.#.o....###
..........).#
.###......#.#
.......<..#.#
..........#


You could see an orc priest, 2 orc wizards and an orc.

Vanquished Creatures
  An orc priest (D:3)
  An orc wizard (D:3)
  Natasha (D:2)
  3 gnolls (D:3)
  2 adders
  A worm (D:2)
  4 orcs (D:3)
  A ball python (D:2)
  2 giant cockroaches
  2 goblins
  3 hobgoblins
  9 jackals
  5 kobolds
  2 bats
  A frilled lizard (D:2)
  2 rats
40 creatures vanquished.

Notes
Turn   | Place    | Note
-------+----------+-------------------------------------------
     0 | D:1      | homeworkjunkie the Hill Orc Fighter began the quest for the Orb.
     0 | D:1      | Reached XP level 1. HP: 19/19 MP: 1/1
   253 | D:2      | Reached XP level 2. HP: 27/27 MP: 2/2
   360 | D:2      | Found a faded altar of an unknown god.
   415 | D:2      | Reached XP level 3. HP: 30/33 MP: 3/3
   505 | D:3      | Reached XP level 4. HP: 24/40 MP: 4/4
   788 | D:3      | Reached XP level 5. HP: 13/47 MP: 5/5
  1055 | D:2      | Noticed Natasha
  1058 | D:2      | Killed Natasha
  1084 | D:2      | Found a shadowy altar of Dithmenos.
  1240 | D:3      | HP: 1/47 [orc priest/divine providence (8)]
  1242 | D:3      | Slain by an orc priest

Skill      XL: |  1  2  3  4  5 |
---------------+----------------+-----
Axes           | 3 4 |  4.6
Fighting       | 4 |  4.5
Armour         | 4 |  4.2
Shields        | 4 |  4.3
Dodging        | |  0.2
Evocations     | |  0.2

Action                   |  1- 3 |  4- 6 || total
-------------------------+-------+-------++-------
Melee: War axe           |    56 |    60 ||   116
  Use: Scroll            |     4 |       ||     4
       Potion            |     3 |       ||     3
  Eat: Ration            |     1 |       ||     1
Armor: Scale mail        |    42 |    39 ||    81
Dodge: Dodged            |    27 |    20 ||    47
Block: Shield            |    42 |    44 ||    86
